 Dungeon Crawl Stone Soup version 0.28-a0-726-g4a9143789a (webtiles) character file.

Game seed: 13404625790236816795

83 cheechan the Skirmisher (level 4, 0/37 HPs)
             Began as a Formicid Chaos Knight on Oct 27, 2021.
             Was a Plaything of Xom.
             Slain by a black bear (3 damage)
             ... while petrified by you
             ... on level 3 of the Dungeon.
             The game lasted 00:07:06 (2205 turns).

cheechan the Skirmisher (Formicid Chaos Knight)     Turns: 2205, Time: 00:07:07

Health: 0/37       AC:  5    Str: 12 (13) XL:     4   Next: 71%
Magic:  4/4        EV:  2    Int: 10      God:    Xom [......]
Gold:   55         SH:  0    Dex: 10      Spells: 3/3 levels left

rFire   . . .      SeeInvis +   f - +4 dagger (chaos)
rCold   . . .      Faith    .   (no shield)
rNeg    + + +      Spirit   .   b - +3 leather armour
rPois   ∞          Reflect  .   (helmet unavailable)
rElec   .          Harm     .   (no cloak)
rCorr   .          Rampage  .   e - +0 pair of gloves
Will    .....                   (no boots)
Stlth   +.........              (no amulet)
HPRegen 0.12/turn               (no ring)
MPRegen 0.09/turn               (no ring)

@: mighty, agile, petrified, very slightly contaminated, invisible
A: permanent stasis, dig shafts and tunnels, antennae 3, four strong arms,
deformed body, dopey 1, weak 2, evolution 1
a: Dig, Shaft Self, Renounce Religion


You were on level 3 of the Dungeon.
You worshipped Xom.
You were a very special plaything of Xom.
You visited 1 branch of the dungeon, and saw 3 of its levels.

You collected 55 gold pieces.

Inventory:

Hand Weapons
 a - a +0 hand axe of protection
 c - a +2 hand axe of holy wrath
 d - a +2 short sword of flaming
 f - a +4 dagger of chaos (weapon)
Missiles
 h - 33 arrows
 i - 59 sling bullets
 k - 2 poisoned darts (quivered)
Armour
 b - a +3 leather armour (worn)
 e - a +0 pair of gloves (worn)
Scrolls
 g - a scroll of enchant weapon {unknown}
 j - 2 scrolls of noise


   Skills:
 + Level 4.0 Fighting
 + Level 1.4 Short Blades
 + Level 3.8 Axes
 + Level 0.1 Throwing
 + Level 2.6 Armour
 + Level 1.1 Dodging
 + Level 0.2 Stealth


You had 3 spell levels left.
You didn't know any spells.
Your spell library was empty.

Dungeon Overview and Level Annotations

Branches:
Dungeon (3/15)

Altars:


Innate Abilities, Weirdness & Mutations

You cannot be hasted, slowed, berserked, paralysed or teleported.
You can dig through walls and to a lower floor.
You have a pair of large antennae on your head. (SInv)
Your four strong arms can wield two-handed weapons with a shield.
Armour fits poorly on your strangely shaped body.
You are dopey. (Int -2)
You are very weak. (Str -4)
You have hidden genetic potential.


Message History

The black bear claws you but does no damage.
The black bear claws you.
The orc hits you from afar with a +0 trident.
You puncture the black bear!
The black bear suddenly seems more agile.
The black bear is almost dead.
You are engulfed in seething chaos.
Your limbs have turned to stone.
The black bear goes berserk!
The orc hits you from afar with a +0 trident!
The black bear barely misses you. x2; The black bear misses you.
You have turned to stone.
You are engulfed in seething chaos.
The black bear bites you. The black bear claws you. x2
The orc hits you from afar with a +0 trident.
You are engulfed in seething chaos.
You fade into invisibility!
You are very lightly contaminated with residual magic.
The black bear bites you! The black bear claws you.
The black bear completely misses you. The orc hits you but does no damage.
The black bear bites you. The black bear claws you.
The black bear claws you but does no damage.
You are engulfed in seething chaos.
You feel more agile all of a sudden. The black bear bites you!
* * * LOW HITPOINT WARNING * * *
The black bear claws you.
* * * LOW HITPOINT WARNING * * *
The black bear claws you.
* * * LOW HITPOINT WARNING * * *
The orc completely misses you.
You are engulfed in seething chaos.
You feel mightier all of a sudden. The black bear bites you!
* * * LOW HITPOINT WARNING * * *
The black bear claws you but does no damage.
The black bear barely misses you.
The orc hits you from afar with a +0 trident.
The black bear completely misses you. The black bear claws you.
You die...
Xom roars with laughter!

..#####..#'#...#.####
##.##.##..#.#
#..#.).#....#
#.####.#######..##
#.....# { #..#
#..##..#{ ... #.
#.####### #.##
#.#o.....
#.##@hg....(
#....#...... #.#..#
##### # ##.. { ##.# {
.# .. { { .. ...


You could see a black bear (berserk, agile, invisible), an orc and a goblin.

Vanquished Creatures
  2 adders (D:2)
  3 worms (D:2)
  7 orcs
  7 ball pythons
  2 bats
  4 endoplasms
  A giant cockroach (D:2)
  2 goblins
  2 hobgoblins (D:3)
  7 kobolds
  4 quokkas
  3 frilled lizards
  4 rats
48 creatures vanquished.

Notes
Turn   | Place    | Note
-------+----------+-------------------------------------------
     0 | D:1      | cheechan the Formicid Chaos Knight began the quest for the
                  | Orb.
     0 | D:1      | Reached XP level 1. HP: 18/18 MP: 1/1
    86 | D:1      | XOM: silly message
   102 | D:1      | Reached XP level 2. HP: 21/24 MP: 2/2
   122 | D:1      | XOM: silly message
   399 | D:1      | XOM: god gift: 28 gold pieces
   692 | D:1      | XOM: chaos upgrade
   851 | D:2      | Reached skill level 1 in Dodging
   851 | D:2      | Reached XP level 3. HP: 21/30 MP: 3/3
  1034 | D:2      | XOM: torment (8/30 hp)
  1310 | D:2      | Reached XP level 4. HP: 20/37 MP: 4/4
  1570 | D:2      | Reached skill level 4 in Fighting
  1573 | D:2      | Reached skill level 1 in Short Blades
  1713 | D:2      | XOM: give mutations
  1713 | D:2      | Gained mutation: Armour fits poorly on your strangely
                  | shaped body. [Xom's mischief]
  1713 | D:2      | Gained mutation: You are dopey. (Int -2) [Xom's mischief]
  1789 | D:2      | XOM: give mutations
  1789 | D:2      | Gained mutation: You have hidden genetic potential. [Xom's
                  | mischief]
  1789 | D:2      | Gained mutation: You are weak. (Str -2) [Xom's mischief]
  1789 | D:2      | Gained mutation: You are very weak. (Str -4) [Xom's
                  | mischief]
  1967 | D:2      | XOM: summons 3 hostile shadow creatures
  2193 | D:3      | Noticed a black bear
  2193 | D:3      | XOM: chaos cloud
  2195 | D:3      | XOM: polymorph quokka -> goblin
  2196 | D:3      | XOM: stat loss: -1 Str (12/13)
  2205 | D:3      | Slain by a black bear

Illustrated notes

Levels and vault maps discovered:
D:1:      noname_arrival_rooms_in_the_neighbourhood, layout_basic
D:2:      layout_loops_cross, ebering_ecumenical_altar_hall
D:3:      minmay_evil_eye, layout_loops_ring, chequers_serial_rivers_small_3,
          minmay_divided_ellipse

Skill      XL: |  1  2  3  4 |
---------------+-------------+-----
Dodging        | 1 |  1.1
Fighting       | 4 |  4.0
Short Blades   | 1 |  1.4
Axes           | |  3.8
Throwing       | |  0.1
Armour         | |  2.6
Stealth        | |  0.2

Action                   |  1- 3 |  4- 6 || total
-------------------------+-------+-------++-------
Melee: Hand axe          |    28 |       ||    28
       Dagger            |    37 |    63 ||   100
Throw: Dart              |       |     5 ||     5
  Use: Scroll            |     4 |       ||     4
Armor: Leather armour    |    19 |    23 ||    42
Dodge: Dodged            |    50 |    30 ||    80

Table legend: (Time is in decaauts)
 A = Elapsed time spent in this place.
 B = Non-inter-level travel time spent in this place.
 C = Inter-level travel time spent in this place.
 D = Time resting spent in this place.
 E = Time spent auto-exploring this place.
 F = Levels seen in this place.
 G = Mean time per level.
                   A        B        C        D        E       F      G
               +--------+--------+--------+--------+--------+-----+--------+
         Total |   2203 |   2203 |      0 |    748 |      0 |   3 |  734.3 |
       Dungeon |   2203 |   2203 |      0 |    748 |      0 |   3 |  734.3 |
               +--------+--------+--------+--------+--------+-----+--------+

Top non-repeatable levels by time:
     D:2: 1282 daAuts
     D:1: 843 daAuts
     D:3: 78 daAuts
